 Dungeon Crawl Stone Soup version 0.29.0-4-gdea44cf6ec (webtiles) character file.

Game seed: 2111790116423064616

8438 qw the Cleaver (level 11, -1/69 HPs)
             Began as a Gargoyle Fighter on Sept 10, 2022.
             Was a Believer of Okawaru.
             Slain by a blink frog (2 damage)
             ... on level 1 of the Lair of Beasts.
             The game lasted 00:03:53 (9379 turns).

qw the Cleaver (Gargoyle Fighter)                   Turns: 9379, Time: 00:03:54

Health: -1/69      AC: 32    Str: 23    XL:     11   Next: 30%
Magic:  9/14       EV: 12    Int: 10    God:    Okawaru [**....]
Gold:   447        SH:  6    Dex:  9    Spells: 10/10 levels left

rFire   . . .      SeeInvis .   Y - +0 broad axe (vorpal)
rCold   . . .      Faith    .   c - +0 buckler
rNeg    + . .      Spirit   .   h - +0 plate armour
rPois   inf        Reflect  .   (no helmet)
rElec   +          Harm     .   b - +0 cloak {rCorr}
rCorr   +          Rampage  .   r - +0 pair of gloves
Will    .....                   p - +0 pair of boots
Stlth   ..........              (no amulet)
HPRegen 0.21/turn               i - +4 ring of evasion
MPRegen 0.14/turn               t - +4 ring of protection

@: about to teleport, heroic
A: sickness immunity, AC +8, negative energy resistance 1, electricity
resistance, torment resistance 1, petrification resistance
a: Renounce Religion, Heroism


You were on level 1 of the Lair of Beasts.
You worshipped Okawaru.
Okawaru was pleased with you.
You visited 3 branches of the dungeon, and saw 11 of its levels.

You collected 447 gold pieces.


Innate Abilities, Weirdness & Mutations

You are immune to sickness and miasma.
Your stone body is resilient. (AC +8)
You are immune to poison.
You resist negative energy. (rN+)
You are resistant to electric shocks. (rElec)
You are resistant to unholy torment.
You are immune to petrification.


   Skills:
 + Level 8.7(13.7) Fighting
 - Level 11.2(16.2) Axes
 - Level 4.1(9.1) Throwing
 - Level 8.1(13.1) Armour
 - Level 1.0(6.0) Dodging
 - Level 5.3(10.3) Shields
 - Level 4.1 Invocations


You had 10 spell levels left.
You didn't know any spells.
Your spell library was empty.

Inventory:

Hand Weapons
 k - a +2 hand axe of flaming
 Y - a +0 vorpal broad axe (weapon)
Armour
 b - a +0 cloak of preservation (worn)
 c - a +0 buckler (worn)
 h - a +0 plate armour (worn)
 p - a +0 pair of boots (worn)
 r - a +0 pair of gloves (worn)
Jewellery
 i - a +4 ring of evasion (left hand)
 t - a +4 ring of protection (right hand)
Wands
 o - a wand of digging (2)
Scrolls
 g - 3 scrolls of teleportation
 s - 5 scrolls of identify
Potions
 d - 3 potions of might
 f - 4 potions of haste
 j - 3 potions of curing
 m - a potion of cancellation
 n - 2 potions of attraction
 u - 4 potions of resistance

Dungeon Overview and Level Annotations

Branches:
Dungeon (9/15)             Temple (1/1) D:4            Lair (1/5) D:8
    Orc (0/2) D:9

Altars:
Ashenzari
Cheibriados
Dithmenos
Elyvilon
Fedhas
Gozag
Hepliaklqana
Kikubaaqudgha
Makhleb
Nemelex Xobeh
Okawaru
Qazlal
Ru
Sif Muna
Trog
Vehumet
Wu Jian
Xom
Yredelemnul
Zin
The Shining One


Message History

You miss the wolf. The wolf misses you. You block the wolf's attack.
You slash the wolf!
The wolf is severely wounded.
You slash the wolf! You block the wolf's attack.
The wolf bites you but does no damage. You block the wolf's attack.
The blink frog gives a loud, deep croak!
The blink frog croaks.
You slash the wolf!
You kill the wolf!
Okawaru accepts your kill.
You barely miss the wolf. The wolf bites you but does no damage.
The wolf bites you.
The basilisk hisses angrily.
You slice the wolf!!
You kill the wolf!
Okawaru accepts your kill.
You hear a howl!
The blink frog blinks!
You barely miss the wolf.
The wolf is severely wounded.
You slash the komodo dragon! The wolf barely misses you.
You slash the wolf!
You kill the wolf!
Okawaru accepts your kill.
You closely miss the komodo dragon.
The komodo dragon bites you but does no damage.
You slash the komodo dragon!
The komodo dragon is severely wounded.
The blink frog blinks!
You block the komodo dragon's attack.
You hit the komodo dragon.
The komodo dragon is severely wounded.
The komodo dragon bites you!!
9379 ||| READING 4 scrolls of teleportation.
As you read the scroll of teleportation, it crumbles to dust.
You feel strangely unstable. You block the blink frog's attack.
The blink frog hits you.
You die...

..h.# #
.(....##
###....#.#..#
#...##......##
...........#
##........#..#
#..##.}l}..#
......h.F..#...
#.F.@l.....+
...........#..#
..[##.}.}...!.#
# #.....#..#.
....... .#
.##....#. # #.
#....=.. #
......##.


You could see a komodo dragon, a basilisk, 2 blink frogs and a wolf.

Vanquished Creatures
  A two-headed ogre (D:8)
  Pikel (D:4)
  An elephant (D:8)
  A black mamba (Lair:1)
  4 cane toads (Lair:1)
  A polar bear (Lair:1)
  A hornet (D:8)
  A blink frog (Lair:1)
  A wraith (D:9)
  5 yaks
  2 basilisks
  A steam dragon (D:8)
  Menkaure (D:4)
  5 water moccasins
  3 ice beasts
  2 sky beasts
  3 orc warriors
  2 black bears
  An ogre (D:4)
  4 wolves (Lair:1)
  2 centaurs
  A phantom (D:5)
  2 kobold brigands (D:8)
  3 bullfrogs
  2 scorpions
  A necrophage (D:6)
  3 killer bees (D:8)
  5 hounds
  7 orc priests
  4 jellies
  Jessica (D:3)
  Ijyb (D:4)
  An iguana (D:5)
  7 orc wizards
  10 adders
  2 shadow imps
  An ufetubus (D:5)
  2 dart slugs
  34 orcs
  8 endoplasms
  4 giant cockroaches
  7 goblins
  9 hobgoblins
  14 jackals
  5 quokkas
  3 ball pythons
  3 bats
  6 frilled lizards
  10 kobolds
  2 rats
201 creatures vanquished.

Notes
Turn   | Place    | Note
-------+----------+-------------------------------------------
     0 | D:1      | qw the Gargoyle Fighter began the quest for the Orb.
     0 | D:1      | Reached XP level 1. HP: 14/14 MP: 1/1
     0 | D:1      | 0 ||| qw: Version: 0.1-a-113-g051387a
     0 | D:1      | 0 ||| qw: Game counter: 7404
     0 | D:1      | 0 ||| qw: Always use a shield: true
     0 | D:1      | 0 ||| qw: God list: Okawaru
     0 | D:1      | 0 ||| qw: Allow faded altars: false
     0 | D:1      | 0 ||| qw: Do Orc after D:15 true
     0 | D:1      | 0 ||| qw: Do second Lair branch before Depths: true
     0 | D:1      | 0 ||| qw: Lair rune preference: random
     0 | D:1      | 0 ||| qw: Plans: Normal, Zot, God:TSO, Crypt, Tomb, Zig,
                  | Orb
     0 | D:1      | 0 ||| PLANNING D:1-11
    50 | D:1      | Reached skill level 2 in Axes
   119 | D:1      | 119 ||| DROPPING +2 hand axe of electrocution.
   164 | D:1      | Reached XP level 2. HP: 19/19 MP: 2/2
   332 | D:1      | 332 ||| Stepping ~*~*~tactically~*~*~ (stealth).
   336 | D:1      | 336 ||| Stepping ~*~*~tactically~*~*~ (stealth).
   743 | D:1      | 743 ||| UPGRADING to +4 ring of evasion.
   744 | D:1      | 744 ||| READING scroll labelled VUASMOYCHIL.
   767 | D:2      | 767 ||| STAIRDANCE
   773 | D:2      | Reached skill level 3 in Axes
   774 | D:2      | Reached XP level 3. HP: 19/23 MP: 3/3
   774 | D:2      | 774 ||| STAIRDANCE
   950 | D:2      | 950 ||| Stepping ~*~*~tactically~*~*~ (stealth).
   963 | D:2      | 963 ||| Stepping ~*~*~tactically~*~*~ (stealth).
   964 | D:2      | 964 ||| Stepping ~*~*~tactically~*~*~ (stealth).
   990 | D:2      | 990 ||| DROPPING +0 mace.
  1051 | D:2      | 1051 ||| Stepping ~*~*~tactically~*~*~ (hiding).
  1053 | D:2      | 1053 ||| Stepping ~*~*~tactically~*~*~ (hiding).
  1602 | D:2      | 1602 ||| READING scroll labelled QUTESENLOA.
  1612 | D:2      | 1612 ||| Stepping ~*~*~tactically~*~*~ (stealth).
  1613 | D:2      | 1613 ||| Stepping ~*~*~tactically~*~*~ (stealth).
  1700 | D:3      | 1700 ||| Stepping ~*~*~tactically~*~*~ (stealth).
  1710 | D:3      | Reached XP level 4. HP: 17/28 MP: 4/4
  1713 | D:3      | Reached skill level 4 in Axes
  1716 | D:3      | Reached XP level 5. HP: 17/32 MP: 5/5
  1865 | D:3      | 1865 ||| DROPPING +0 flail.
  1972 | D:3      | 1972 ||| FLEEEEING.
  1973 | D:3      | 1973 ||| FLEEEEING.
  1974 | D:3      | 1974 ||| FLEEEEING.
  1977 | D:3      | 1977 ||| FLEEEEING.
  1980 | D:3      | 1980 ||| FLEEEEING.
  1981 | D:3      | 1981 ||| FLEEEEING.
  1982 | D:3      | 1982 ||| FLEEEEING.
  1983 | D:3      | 1983 ||| FLEEEEING.
  1984 | D:3      | 1984 ||| FLEEEEING.
  1985 | D:3      | 1985 ||| FLEEEEING.
  1986 | D:3      | 1986 ||| FLEEEEING.
  1987 | D:3      | 1987 ||| FLEEEEING.
  1988 | D:3      | 1988 ||| FLEEEEING.
  1989 | D:3      | 1989 ||| FLEEEEING.
  1990 | D:3      | 1990 ||| STAIRDANCE
  2081 | D:2      | 2081 ||| UPGRADING to +0 chain mail.
  2091 | D:2      | 2091 ||| DROPPING +0 scale mail.
  2092 | D:2      | 2092 ||| DRINKING 2 glowing coppery potions.
  2095 | D:3      | 2095 ||| STAIRDANCE
  2104 | D:3      | 2104 ||| STAIRDANCE
  2200 | D:3      | 2200 ||| Stepping ~*~*~tactically~*~*~ (hiding).
  2204 | D:3      | Reached skill level 5 in Axes
  2309 | D:3      | 2309 ||| Stepping ~*~*~tactically~*~*~ (stealth).
  2312 | D:3      | 2312 ||| Stepping ~*~*~tactically~*~*~ (stealth).
  2513 | D:3      | 2513 ||| FLEEEEING.
  2514 | D:3      | 2514 ||| FLEEEEING.
  2515 | D:3      | 2515 ||| FLEEEEING.
  2516 | D:3      | 2516 ||| FLEEEEING.
  2517 | D:3      | 2517 ||| FLEEEEING.
  2520 | D:3      | 2520 ||| FLEEEEING.
  2521 | D:3      | 2521 ||| FLEEEEING.
  2522 | D:3      | 2522 ||| FLEEEEING.
  2527 | D:3      | Reached XP level 6. HP: 32/38 MP: 6/6
  2662 | D:3      | Identified the +5 dagger "Trog's Hatred" {vorpal, Fly rCorr
                  | Int+4 Stlth-}
  2694 | D:3      | Found a blossoming altar of Fedhas.
  2912 | D:3      | Noticed Jessica
  2915 | D:3      | 2915 ||| Stepping ~*~*~tactically~*~*~ (hiding).
  2916 | D:3      | 2916 ||| Stepping ~*~*~tactically~*~*~ (hiding).
  2931 | D:3      | Killed Jessica
  3332 | D:3      | 3332 ||| READING scroll labelled SADIWI MYIMUR.
  3333 | D:3      | 3333 ||| READING scroll labelled YLISEUNT ZONI.
  3523 | D:4      | Found a staircase to the Ecumenical Temple.
  3524 | D:4      | 3524 ||| PLANNING TEMPLE
  3524 | D:4      | 3524 ||| READING scroll labelled UJICKYNA HAOMM.
  3533 | Temple   | Entered the Ecumenical Temple
  3676 | Temple   | 3676 ||| PLANNING D:1-11
  3863 | D:4      | 3863 ||| Stepping ~*~*~tactically~*~*~ (stealth).
  3865 | D:4      | Noticed Pikel
  3877 | D:4      | Killed Pikel
  3878 | D:4      | Reached skill level 7 in Axes
  3878 | D:4      | Reached XP level 7. HP: 25/43 MP: 7/7
  4018 | D:4      | 4018 ||| DROPPING +1 vorpal flail.
  4104 | D:4      | Noticed Ijyb
  4115 | D:4      | Killed Ijyb
  4116 | D:4      | Reached skill level 1 in Dodging
  4232 | D:4      | 4232 ||| Stepping ~*~*~tactically~*~*~ (stealth).
  4235 | D:4      | 4235 ||| Stepping ~*~*~tactically~*~*~ (stealth).
  4244 | D:4      | 4244 ||| Stepping ~*~*~tactically~*~*~ (hiding).
  4246 | D:4      | 4246 ||| Stepping ~*~*~tactically~*~*~ (hiding).
  4247 | D:4      | 4247 ||| Stepping ~*~*~tactically~*~*~ (hiding).
  4248 | D:4      | 4248 ||| Stepping ~*~*~tactically~*~*~ (hiding).
  4249 | D:4      | Noticed Menkaure
  4250 | D:4      | Reached XP level 8. HP: 48/48 MP: 8/8
  4259 | D:4      | 4259 ||| Stepping ~*~*~tactically~*~*~ (stealth).
  4263 | D:4      | 4263 ||| Stepping ~*~*~tactically~*~*~ (stealth).
  4266 | D:4      | 4266 ||| Stepping ~*~*~tactically~*~*~ (hiding).
  4275 | D:4      | Killed Menkaure
  4324 | D:4      | Found an ancient bone altar of Kikubaaqudgha.
  4553 | D:4      | Found a sacrificial altar of Ru.
  4682 | D:4      | 4682 ||| READING scroll labelled WIASME YPNEL.
  4783 | D:4      | 4783 ||| READING scroll labelled ANYUKK TARROF.
  4838 | D:5      | Entered Level 5 of the Dungeon
  4848 | D:5      | Reached skill level 1 in Throwing
  4849 | D:5      | Found a snail-covered altar of Cheibriados.
  4989 | D:5      | 4989 ||| Stepping ~*~*~tactically~*~*~ (stealth).
  4991 | D:5      | 4991 ||| Stepping ~*~*~tactically~*~*~ (stealth).
  5099 | D:5      | Reached skill level 8 in Axes
  5329 | D:5      | 5329 ||| UPGRADING to +0 pair of gloves.
  5334 | D:5      | 5334 ||| UPGRADING to +6 ring of strength.
  5335 | D:5      | 5335 ||| READING 2 scrolls labelled OSHEUT WIANT.
  5336 | D:5      | 5336 ||| READING scroll labelled UHAAXAR TOXA.
  5337 | D:5      | 5337 ||| DRINKING 2 fizzy inky potions.
  5338 | D:5      | 5338 ||| DROPPING potion of degeneration.
  5339 | D:5      | 5339 ||| DROPPING scroll of magic mapping.
  5374 | D:6      | Reached skill level 6 in Fighting
  5815 | D:6      | 5815 ||| Stepping ~*~*~tactically~*~*~ (stealth).
  5821 | D:6      | Reached XP level 9. HP: 55/55 MP: 9/9
  5908 | D:6      | Reached skill level 9 in Axes
  6207 | D:6      | 6207 ||| DROPPING +6 ring of dexterity.
  6208 | D:6      | 6208 ||| UPGRADING to +4 ring of protection.
  6210 | D:6      | 6210 ||| DROPPING ring of ice.
  6211 | D:6      | 6211 ||| DROPPING +6 ring of strength.
  6212 | D:6      | 6212 ||| DRINKING 2 glowing brown potions.
  6213 | D:6      | 6213 ||| DRINKING 2 viscous red potions.
  6214 | D:6      | 6214 ||| DRINKING 2 puce potions.
  6215 | D:6      | 6215 ||| READING 2 scrolls of identify.
  6215 | D:6      | 6215 ||| IDENTIFYING bubbling purple potion
  6216 | D:6      | 6216 ||| DROPPING potion of brilliance.
  6217 | D:6      | 6217 ||| DROPPING potion of berserk rage.
  6258 | D:7      | 6258 ||| Stepping ~*~*~tactically~*~*~ (stealth).
  6260 | D:7      | 6260 ||| Stepping ~*~*~tactically~*~*~ (stealth).
  6350 | D:7      | 6350 ||| Stepping ~*~*~tactically~*~*~ (hiding).
  6352 | D:7      | 6352 ||| Stepping ~*~*~tactically~*~*~ (hiding).
  6353 | D:7      | 6353 ||| Stepping ~*~*~tactically~*~*~ (hiding).
  6354 | D:7      | 6354 ||| Stepping ~*~*~tactically~*~*~ (hiding).
  6355 | D:7      | 6355 ||| Stepping ~*~*~tactically~*~*~ (hiding).
  6951 | D:7      | Found a shimmering altar of Xom.
  6951 | D:7      | Found a bloodstained altar of Trog.
  7152 | D:7      | 7152 ||| UPGRADING to +0 plate armour.
  7162 | D:7      | 7162 ||| DROPPING +0 chain mail.
  7163 | D:7      | 7163 ||| READING scroll labelled LUAR DAWNAZ.
  7163 | D:7      | Identified a scroll of acquirement
  7163 | D:7      | 7163 ||| ACQUIRING +0 vorpal broad axe
  7163 | D:7      | Acquired a +0 vorpal broad axe
  7165 | D:7      | 7165 ||| SWAPPING to +0 vorpal broad axe.
  7166 | D:7      | 7166 ||| DROPPING +0 spectral war axe.
  7231 | D:8      | Noticed a two-headed ogre
  7241 | D:8      | Killed a two-headed ogre
  7242 | D:8      | Reached skill level 6 in Armour
  7418 | D:8      | 7418 ||| Stepping ~*~*~tactically~*~*~ (stealth).
  7467 | D:8      | 7467 ||| Stepping ~*~*~tactically~*~*~ (stealth).
  7529 | D:8      | Reached skill level 10 in Axes
  7529 | D:8      | Reached XP level 10. HP: 59/63 MP: 10/10
  7557 | D:8      | Noticed an elephant
  7558 | D:8      | 7558 ||| Stepping ~*~*~tactically~*~*~ (stealth).
  7560 | D:8      | 7560 ||| Stepping ~*~*~tactically~*~*~ (stealth).
  7561 | D:8      | 7561 ||| Stepping ~*~*~tactically~*~*~ (stealth).
  7579 | D:8      | 7579 ||| FLEEEEING.
  7580 | D:8      | 7580 ||| FLEEEEING.
  7580 | D:8      | Found a staircase to the Lair.
  7582 | D:8      | 7582 ||| FLEEEEING.
  7629 | D:8      | Killed an elephant
  7817 | D:8      | Found a white marble altar of Elyvilon.
  7874 | D:8      | Found a sparkling altar of Nemelex Xobeh.
  7894 | D:8      | 7894 ||| Stepping ~*~*~tactically~*~*~ (stealth).
  8008 | D:8      | 8008 ||| Stepping ~*~*~tactically~*~*~ (stealth).
  8215 | D:8      | 8215 ||| UPGRADING to +0 pair of boots.
  8220 | D:8      | 8220 ||| READING scroll labelled NUMNES ENISAO.
  8221 | D:8      | 8221 ||| READING scroll labelled RICUUFEESE.
  8222 | D:8      | 8222 ||| READING 6 scrolls of identify.
  8222 | D:8      | 8222 ||| IDENTIFYING white potion
  8223 | D:8      | 8223 ||| DROPPING potion of invisibility.
  8243 | D:9      | 8243 ||| STAIRDANCE
  8313 | D:9      | 8313 ||| STAIRDANCE
  8340 | D:9      | 8340 ||| STAIRDANCE
  8412 | D:9      | 8412 ||| STAIRDANCE
  8418 | D:9      | 8418 ||| STAIRDANCE
  8437 | D:9      | 8437 ||| Stepping ~*~*~tactically~*~*~ (stealth).
  8438 | D:9      | 8438 ||| Stepping ~*~*~tactically~*~*~ (stealth).
  8582 | D:9      | 8582 ||| DROPPING +0 morningstar.
  8615 | D:9      | 8615 ||| Stepping ~*~*~tactically~*~*~ (hiding).
  8616 | D:9      | 8616 ||| Stepping ~*~*~tactically~*~*~ (hiding).
  8722 | D:9      | 8722 ||| Stepping ~*~*~tactically~*~*~ (stealth).
  8723 | D:9      | 8723 ||| Stepping ~*~*~tactically~*~*~ (stealth).
  8726 | D:9      | 8726 ||| Stepping ~*~*~tactically~*~*~ (hiding).
  8728 | D:9      | 8728 ||| Stepping ~*~*~tactically~*~*~ (hiding).
  8759 | D:9      | 8759 ||| Stepping ~*~*~tactically~*~*~ (stealth).
  8831 | D:9      | Found an iron altar of Okawaru.
  8838 | D:9      | Became a worshipper of Warmaster Okawaru
  8858 | D:9      | Found a staircase to the Orcish Mines.
  8896 | D:9      | 8896 ||| Stepping ~*~*~tactically~*~*~ (hiding).
  8933 | D:9      | 8933 ||| Stepping ~*~*~tactically~*~*~ (hiding).
  8949 | D:9      | Reached skill level 3 in Throwing
  9036 | D:9      | Identified the +3 trident of Discretion {vorpal, rCorr
                  | Int+3}
  9139 | D:9      | 9139 ||| PLANNING LAIR
  9139 | D:9      | 9139 ||| UPGRADING to +0 cloak of preservation.
  9144 | D:9      | 9144 ||| DRINKING 2 yellow potions.
  9201 | Lair:1   | Entered Level 1 of the Lair of Beasts
  9201 | Lair:1   | Noticed a cane toad
  9207 | Lair:1   | Killed a cane toad
  9232 | Lair:1   | Noticed a black mamba
  9241 | Lair:1   | Killed a black mamba
  9242 | Lair:1   | Reached skill level 11 in Axes
  9325 | Lair:1   | Noticed a cane toad
  9333 | Lair:1   | Reached * piety under Okawaru
  9334 | Lair:1   | 9334 ||| INVOKING Heroism.
  9338 | Lair:1   | Noticed a cane toad
  9339 | Lair:1   | Reached skill level 1 in Invocations
  9339 | Lair:1   | Killed a cane toad
  9340 | Lair:1   | Reached XP level 11. HP: 30/68 MP: 8/12
  9346 | Lair:1   | Reached skill level 3 in Invocations
  9346 | Lair:1   | 9346 ||| INVOKING Heroism.
  9355 | Lair:1   | Reached ** piety under Okawaru
  9362 | Lair:1   | HP: 6/69 [komodo dragon (15)]
  9363 | Lair:1   | 9363 ||| READING 5 scrolls of teleportation.
  9364 | Lair:1   | 9364 ||| DRINKING potion of heal wounds.
  9366 | Lair:1   | 9366 ||| INVOKING Heroism.
  9378 | Lair:1   | HP: 1/69 [komodo dragon (21)]
  9379 | Lair:1   | 9379 ||| READING 4 scrolls of teleportation.
  9379 | Lair:1   | Slain by a blink frog

Levels and vault maps discovered:
D:1:      ncdulo_lavacross, layout_rooms, minmay_tetromino_l2
D:2:      layout_basic, hangedman_decor_points, chequers_serial_rivers_small_3,
          minmay_crystal_room
D:3:      layout_basic, mainiacjoe_overflow_paths, uniq_jessica
D:4:      layout_basic, hangedman_ru_absence, mainiacjoe_overflow_24_doors,
          minmay_temple_entry_statues_fountains, uniq_pikel, uniq_ijyb,
          uniq_menkaure
D:5:      layout_cave_pools, mainiacjoe_overflow_tiny_flanked,
          serial_column_ruins, column_ruins_square_small,
          column_ruins_columns_dead_end, column_ruins_columns_water,
          column_ruins_grid_2, column_ruins_columns_plus, column_ruins_grid_1,
          grunt_ministairs_12
D:6:      minmay_inner_zag, layout_basic
D:7:      layout_cave_pods, gammafunk_temple_overflow_pools
D:8:      layout_rooms, nicolae_elyvilon_peaceful_grove,
          nemelex_diamond_rough_becter, david_lair_generic
D:9:      layout_rooms, old_standard_altar, david_orc_3
Temple:   hellmonk_temple_flake
Lair:1:   layout_big_grid, guppyfry_lair_drakes, infiniplex_staircase_pool,
          grunt_megastairs_2

Skill      XL: |  1  2  3  4  5  6  7  8  9 10 11 |
---------------+----------------------------------+-----
Axes           | 2 3 4 5 7 8 10 11 | 11.2
Fighting       | 4 6 7 8 |  8.7
Dodging        | 1 |  1.0
Throwing       | 1 2 3 4 |  4.1
Armour         | 4 6 7 8 |  8.1
Shields        | 4 5 |  5.3
Invocations    | 2 4 |  4.1

Action                   |  1- 3 |  4- 6 |  7- 9 | 10-12 || total
-------------------------+-------+-------+-------+-------++-------
Melee: War axe           |   117 |    72 |   102 |       ||   291
       Broad axe         |       |       |    29 |   187 ||   216
Throw: Boomerang         |       |       |    60 |     1 ||    61
       Javelin           |       |       |       |     5 ||     5
Invok: Heroism           |       |       |       |     3 ||     3
  Use: Scroll            |     2 |     3 |     6 |     5 ||    16
       Potion            |       |     1 |     4 |     2 ||     7
Armor: Scale mail        |    49 |       |       |       ||    49
       Chain mail        |       |    34 |    40 |       ||    74
       Plate armour      |       |       |    14 |   143 ||   157
Dodge: Dodged            |    53 |    22 |    46 |   111 ||   232
Block: Buckler           |    23 |     7 |    23 |    62 ||   115

Table legend:
 A = Non-vault XP
 B = Vault XP
 C = Vault XP percentage of total XP
 D = Non-vault monster count
 E = Vault monster count
 F = Vault count percentage of total count
                 A         B        C        D         E       F
            +---------+---------+-------+---------+---------+-------
      Total |    9004 |    3051 |  25.3 |     176 |      25 |  12.4
            +---------+---------+-------+---------+---------+-------
        D:1 |      25 |       4 |  13.8 |      15 |       2 |  11.8
        D:2 |      50 |       0 |   0.0 |      28 |       0 |   0.0
        D:3 |     307 |      37 |  10.8 |      33 |       1 |   2.9
        D:4 |     206 |     815 |  79.8 |      17 |       3 |  15.0
        D:5 |     325 |      47 |  12.6 |      10 |       2 |  16.7
        D:6 |     669 |     210 |  23.9 |       9 |       5 |  35.7
        D:7 |     888 |       0 |   0.0 |      21 |       0 |   0.0
        D:8 |    1998 |    1012 |  33.6 |      21 |       4 |  16.0
        D:9 |     640 |     259 |  28.8 |       5 |       6 |  54.5
     Lair:1 |    3896 |     667 |  14.6 |      17 |       2 |  10.5
            +---------+---------+-------+---------+---------+-------
